 Dungeon Crawl Stone Soup version 0.29-a0-643-ga013cefcf8 (webtiles) character file.

Game seed: 8963313033840738028

46 DocClef the Skirmisher (level 3, -1/18 (24) HPs)
             Began as a Tengu Fighter on June 19, 2022.
             Slain by Terence
             ... wielding a +1 short sword of draining
              (2 damage)
             ... on level 2 of the Dungeon.
             The game lasted 00:01:01 (1552 turns).

DocClef the Skirmisher (Tengu Fighter)              Turns: 1552, Time: 00:01:03

HP:   -1/18 (24)    AC:  8    Str: 16    XL:     3   Next: 66%
MP:   4/4           EV:  8    Int:  8    God:
Gold: 47            SH:  5    Dex: 15    Spells: 2/2 levels left

rFire   . . .      SeeInvis .   a - +0 long sword
rCold   . . .      Faith    .   c - +0 buckler
rNeg    . . .      Spirit   .   b - +0 scale mail
rPois   .          Reflect  .   (helmet restricted)
rElec   .          Harm     .   k - +0 cloak
rCorr   .          Rampage  .   (no gloves)
Will    .....                   (boots unavailable)
Stlth   ..........              (no amulet)
HPRegen 0.06/turn               (no ring)
MPRegen 0.09/turn               (no ring)

@: very heavily drained
A: beak, talons 3
a: no special abilities


You were on level 2 of the Dungeon.
You visited 1 branch of the dungeon, and saw 2 of its levels.

You collected 47 gold pieces.

Inventory:

Hand Weapons
 a - a +0 long sword (weapon)
Armour
 b - a +0 scale mail (worn)
 c - a +0 buckler (worn)
 k - a +0 cloak (worn)
Scrolls
 e - a scroll of enchant armour {unknown}
 h - 2 scrolls of immolation {unknown}
 i - a scroll of identify {unknown}
 m - a scroll of teleportation {unknown}
Potions
 d - a potion of might
 f - a potion of attraction {unknown}
 g - 2 potions of curing {unknown}
 j - a potion of flight {unknown}
 l - 2 potions of heal wounds {unknown}
 n - a potion of brilliance {unknown}


   Skills:
 + Level 4.5 Fighting
 - Level 2.1 Long Blades
 - Level 3.2 Armour
 - Level 3.0 Shields


You had 2 spell levels left.
You didn't know any spells.
Your spell library contained the following spells:

 Spells                   Type           Power      Damage    Failure   Level
 Conjure Flame            Conj/Fire      0%         6-21      99%         3
 Ignite Poison            Fire/Tmut/Pois 0%         N/A       99%         3
 Sticky Flame             Conj/Fire      0%         2d3       100%        4


Dungeon Overview and Level Annotations

Branches:
Dungeon (2/15)

Altars:

Annotations:
D:2 Terence


Innate Abilities, Weirdness & Mutations

You have a beak for a mouth.
You have claws for feet.


Message History

Terence barely misses you. x2
You hit Terence.
Terence is heavily wounded.
Terence hits you with a +1 short sword of draining!
You feel drained.
You hit Terence. You peck Terence.
Terence is heavily wounded.
Terence hits you with a +1 short sword of draining.
You feel drained.
You hit Terence but do no damage. You claw Terence, but do no damage.
Terence is heavily wounded.
Terence hits you with a +1 short sword of draining.
You feel drained. Terence completely misses you.
You are too injured to fight recklessly!
You are too injured to fight recklessly!
You are too injured to fight recklessly!
You are too injured to fight recklessly!
You are too injured to fight recklessly!
You are too injured to fight recklessly!
You are too injured to fight recklessly!
You are too injured to fight recklessly!
You are too injured to fight recklessly!
You are too injured to fight recklessly!
You are too injured to fight recklessly!
You are too injured to fight recklessly!
You are too injured to fight recklessly!
You are too injured to fight recklessly!
You are too injured to fight recklessly!
You are too injured to fight recklessly!
You barely miss Terence. Your peck misses Terence.
Terence is heavily wounded.
Terence barely misses you.
You closely miss Terence.
Terence is heavily wounded.
Terence hits you with a +1 short sword of draining.
You feel drained.
Terence hits you with a +1 short sword of draining.
* * * LOW HITPOINT WARNING * * *
You feel drained.
You die...

######.#
######.##########
#...............#
#.####.########.#
..# #.#
######.#######
.## #.#
#............. .#
#.#
#.####..######
.### #.# ##.# ...
... #@# .)####.#
#@# .... ... ..#
##.## ..# #.# †.#
#.# .[# #.# #.#
#.# ..#


You could see Terence.

Vanquished Creatures
  An adder (D:2)
  2 worms (D:2)
  3 ball pythons
  A bat (D:1)
  2 endoplasms
  4 goblins
  2 hobgoblins
  4 jackals (D:1)
  A quokka (D:1)
  A frilled lizard (D:1)
  4 kobolds
  3 rats
28 creatures vanquished.

Notes
Turn   | Place    | Note
-------+----------+-------------------------------------------
     0 | D:1      | DocClef the Tengu Fighter began the quest for the Orb.
     0 | D:1      | Reached XP level 1. HP: 14/14 MP: 2/2
   350 | D:1      | Reached XP level 2. HP: 17/19 MP: 3/3
   901 | D:1      | Reached skill level 4 in Fighting
   907 | D:1      | Found a faded altar of an unknown god.
  1178 | D:2      | Reached XP level 3. HP: 24/24 MP: 4/4
  1542 | D:2      | Noticed Terence
  1552 | D:2      | Slain by Terence

Illustrated notes

Levels and vault maps discovered:
D:1:      erik_arrival_orb_chamber, layout_basic,
          shapermc_ecumenical_altar_mp_urbaneastern, feat_on_display
D:2:      layout_loops_ring, uniq_jessica, uniq_terence

Skill      XL: |  1  2 |
---------------+-------+-----
Fighting       | 4 |  4.5
Long Blades    | |  2.1
Armour         | |  3.2
Shields        | |  3.0

Action                   || total
-------------------------++-------
Melee: Long sword        ||    83
       Kick              ||    15
       Peck              ||    13
Armor: Scale mail        ||    38
Dodge: Dodged            ||    41
Block: Buckler           ||    17

Table legend: (Time is in decaauts)
 A = Elapsed time spent in this place.
 B = Non-inter-level travel time spent in this place.
 C = Inter-level travel time spent in this place.
 D = Time resting spent in this place.
 E = Time spent auto-exploring this place.
 F = Levels seen in this place.
 G = Mean time per level.
                   A        B        C        D        E       F      G
               +--------+--------+--------+--------+--------+-----+--------+
         Total |   1579 |   1500 |     79 |     28 |   1250 |   2 |  789.5 |
       Dungeon |   1579 |   1500 |     79 |     28 |   1250 |   2 |  789.5 |
               +--------+--------+--------+--------+--------+-----+--------+

Top non-repeatable levels by time:
     D:1: 1178 daAuts
     D:2: 400 daAuts
